[Event "Team 45 45 League T38"]
[Site "Internet Chess Club"]
[Date "2008.07.25"]
[Round "1"]
[White "Rainbird"]
[Black "lluisdp"]
[Result "0-1"]
[WhiteElo "1737"]
[BlackElo "1904"]
[Opening "English opening"]
[ECO "A05"]
[Time "12:01:27"]
[TimeControl "2700+45"]

1. Nf3 Nf6 2. c4 g6 3. b3 Bg7 4. Bb2 O-O 5. g3 c5 6. Bg2 Nc6 7. O-O e6 8. d4
cxd4 9. Nxd4 a6 10. Nc3 Qb6 11. Na4 Qc7 12. Qd2 Rd8 13. Rac1 b6 14. Rfd1 Bb7 15.
c5 b5 16. Nb6 Rab8 17. Nxc6 Bxc6 18. Ba1 Bxg2 19. Kxg2 d6 20. Qc2 dxc5 21. Qxc5
Qxc5 22. Rxd8+ Rxd8 23. Rxc5 Ne4 24. Rc1 Bxa1 25. Rxa1 Rd2 26. Kf3 Nc3 27. Rc1
Nxe2 28. Re1 Nc3 29. a4 Kg7 30. axb5 axb5 31. Nc8 Nd1 32. Re2 Rd3+ 33. Kg2 Rxb3
34. Nd6 Rb1 35. Ra2 b4 36. Ra7 b3 37. Rxf7+ Kg8 38. Rb7 b2 39. Ne4 Rc1 40. Nf6+
Kf8 41. Nxh7+ Ke8 42. Nf6+ Kd8 {White resigns} 0-1

[Event "Team 45 45 League T38"]
[Site "Internet Chess Club"]
[Date "2008.07.27"]
[Round "1"]
[White "up-pup"]
[Black "MiroslavR"]
[Result "0-1"]
[WhiteElo "1779"]
[BlackElo "1892"]
[Opening "Sicilian"]
[ECO "B50"]
[Time "08:51:08"]
[TimeControl "2700+45"]

1. e4 c5 2. Nf3 d6 3. c3 Nf6 4. Bd3 Nc6 5. Bc2 Bg4 6. d4 cxd4 7. cxd4 e5 8. Be3
exd4 9. Bxd4 d5 10. e5 Bb4+ 11. Bc3 Bxc3+ 12. Nxc3 Nxe5 13. Ba4+ Nc6 14. Qe2+
Qe7 15. Qxe7+ Kxe7 16. Nd2 Rhe8 17. O-O a6 18. Bb3 Be6 19. Na4 Na5 20. Bd1 Rac8
21. Nf3 b5 22. Nc3 Nc4 23. b3 Ne3 24. fxe3 Rxc3 25. Re1 Kd6 26. Nd4 g6 27. Bf3
Ne4 28. Rad1 f5 29. h4 h5 30. Kf1 Ke5 31. Kg1 Rec8 32. Kf1 R3c7 33. Kg1 Bf7 34.
Kf1 Nf6 35. Kg1 Nd7 36. Ne2 Rc2 37. Nf4 Nf6 38. a3 R8c3 39. Rd3 Rxd3 40. Nxd3+
Kd6 41. Nb4 Rc3 42. Bd1 a5 43. Na2 Rc7 44. Re2 Ne4 45. Rc2 Rxc2 46. Bxc2 d4 47.
exd4 Kd5 48. Kf1 Kxd4 49. Ke1 Nc5 50. Nc1 Kc3 51. Kd1 Nxb3 {White resigns} 0-1

[Event "Team 45 45 League T38"]
[Site "Internet Chess Club"]
[Date "2008.07.29"]
[Round "1"]
[White "Kalhalla"]
[Black "ghostfire"]
[Result "0-1"]
[WhiteElo "1723"]
[BlackElo "1802"]
[Opening "Sicilian"]
[ECO "B50"]
[Time "15:30:12"]
[TimeControl "2700+45"]

1. e4 c5 2. Nf3 d6 3. d3 g6 4. Nbd2 Bg7 5. g3 Bg4 6. h3 Bd7 7. Bg2 Qc8 8. Nf1
Nc6 9. c3 Ne5 10. Ne3 Bb5 11. Bf1 Qd7 12. a4 Nxf3+ 13. Qxf3 Bxa4 14. Nd5 Bc6 15.
Bg5 Bxd5 16. exd5 h6 17. Be3 Qb5 18. Qe2 Nf6 19. Bg2 Nd7 20. O-O O-O 21. Ra3 Ne5
22. Rd1 a6 23. Bf1 Qe8 24. Rda1 Nd7 25. Qd2 Kh7 26. Ra4 g5 27. f4 f6 28. fxg5
fxg5 29. Bg2 Ne5 30. Qe2 Rf6 31. Rf1 Rxf1+ 32. Qxf1 Qxa4 33. Qf5+ Kg8 34. Be4
Qd1+ 35. Kg2 Qe2+ 36. Bf2 Rf8 37. Qe6+ Kh8 {White resigns} 0-1

[Event "Team 45 45 League T38"]
[Site "Internet Chess Club"]
[Date "2008.07.27"]
[Round "1"]
[White "Frankly"]
[Black "Bega"]
[Result "1-0"]
[WhiteElo "1790"]
[BlackElo "1784"]
[Opening "Nimzo-Indian: Fischer variation, 5.Ne2"]
[ECO "E44"]
[Time "14:00:37"]
[TimeControl "2700+45"]

1. d4 Nf6 2. c4 e6 3. Nc3 Bb4 4. e3 b6 5. Ne2 Bb7 6. a3 Bxc3+ 7. Nxc3 O-O 8. Bd3
d5 9. O-O dxc4 10. Bxc4 Nbd7 11. b4 Qe7 12. Rb1 Ne4 13. Nxe4 Bxe4 14. Rb2 a5 15.
f3 Bb7 16. bxa5 Rxa5 17. Bd2 Ra7 18. Re1 Ba8 19. e4 Re8 20. Ba2 Qxa3 21. Qc2 Qd6
22. Bc3 c5 23. Bb1 g6 24. Rd1 Qc7 25. Qd2 Rd8 26. Qh6 cxd4 27. Bxd4 e5 28. Be3
Nc5 29. Rc1 Qd6 30. Rd2 Qe7 31. Rdc2 Rc7 32. Ba2 Kh8 33. Rb1 Na4 34. Bg5 f6 35.
Rxc7 Qxc7 36. Bxf6+ {Black resigns} 1-0

[Event "Team 45 45 League T38"]
[Site "Internet Chess Club"]
[Date "2008.07.29"]
[Round "1"]
[White "sean98"]
[Black "Razorbackchess"]
[Result "1/2-1/2"]
[WhiteElo "1694"]
[BlackElo "1783"]
[Opening "Sicilian: Taimanov (Bastrikov) variation"]
[ECO "B47"]
[Time "17:40:14"]
[TimeControl "2700+45"]

1. e4 c5 2. Nf3 e6 3. d4 cxd4 4. Nxd4 Nc6 5. Nc3 Qc7 6. Ndb5 Qb8 7. Bc4 a6 8.
Nd4 Qc7 9. Bb3 Nf6 10. O-O Bb4 11. Nxc6 bxc6 12. f3 Bc5+ 13. Kh1 O-O 14. Na4 Be7
15. c4 Bb7 16. Nc3 d5 17. cxd5 cxd5 18. exd5 Nxd5 19. Nxd5 Bxd5 20. Bxd5 Rad8
21. Qb3 Rxd5 {Game drawn by mutual agreement} 1/2-1/2

[Event "Team 45 45 League T38"]
[Site "Internet Chess Club"]
[Date "2008.07.25"]
[Round "1"]
[White "Despair"]
[Black "alastorx"]
[Result "0-1"]
[WhiteElo "1950"]
[BlackElo "1870"]
[Opening "Nimzovich-Larsen attack"]
[ECO "A01"]
[Time "10:16:59"]
[TimeControl "2700+45"]

1. b3 e6 2. g3 Nf6 3. Bg2 d5 4. d3 Be7 5. Nf3 O-O 6. O-O Nc6 7. Nbd2 e5 8. Bb2
Bd6 9. c3 Bg4 10. e4 Re8 11. h3 Bh5 12. a3 Qd7 13. exd5 Nxd5 14. c4 Nf6 15. Ne4
Nxe4 16. dxe4 Rad8 17. g4 Bg6 18. Nd2 Bxa3 19. Bxa3 Qxd2 20. Qxd2 Rxd2 21. Rfd1
Red8 22. Rdb1 a6 23. Bc5 f6 24. Be3 Rc2 25. h4 Nd4 26. h5 Bf7 27. h6 Rc3 28.
Bxd4 Rxd4 29. hxg7 Rd2 30. Ra5 Kxg7 31. f3 h5 32. g5 h4 33. gxf6+ Kxf6 34. Bf1
Rxf3 35. Bg2 Rg3 36. Rf1+ Ke6 37. Rf2 Rxf2 38. Kxf2 Rxb3 39. Bf3 Kf6 40. Ra1
Bxc4 {White resigns} 0-1

[Event "Team 45 45 League T38"]
[Site "Internet Chess Club"]
[Date "2008.07.24"]
[Round "1"]
[White "Egmont"]
[Black "jazzpiano"]
[Result "1/2-1/2"]
[WhiteElo "1701"]
[BlackElo "1827"]
[Opening "French: Tarrasch, open variation"]
[ECO "C07"]
[Time "02:21:25"]
[TimeControl "2700+45"]

1. e4 e6 2. d4 d5 3. Nd2 c5 4. c3 Nc6 5. Ngf3 Qb6 6. exd5 exd5 7. Nb3 cxd4 8.
Nbxd4 Nf6 9. Qe2+ Be7 10. Qb5 Qc7 11. Bg5 a6 12. Qb3 Nxd4 13. Nxd4 Qe5+ 14. Be3
O-O 15. Be2 Bd7 16. Qb6 Bd6 17. Nf3 Qe6 18. O-O Ng4 19. Bd4 Bc6 20. Rfe1 Qd7 21.
h3 Nh6 22. Bd3 Nf5 23. Bxf5 Qxf5 24. Be5 Qd7 25. Bxd6 Qxd6 26. Rad1 Rfe8 27. Nd4
Qd8 28. Qxd8 Raxd8 {Game drawn by mutual agreement} 1/2-1/2

[Event "Team 45 45 League T38"]
[Site "Internet Chess Club"]
[Date "2008.07.27"]
[Round "1"]
[White "pelayo"]
[Black "kai"]
[Result "1-0"]
[WhiteElo "1693"]
[BlackElo "1709"]
[Opening "English opening"]
[ECO "A05"]
[Time "10:41:58"]
[TimeControl "2700+45"]

1. Nf3 Nf6 2. c4 g6 3. b3 Bg7 4. Bb2 O-O 5. g3 c5 6. Bg2 Nc6 7. O-O d6 8. d3 Bd7
9. Nbd2 Qa5 10. a3 b5 11. d4 bxc4 12. Nxc4 Qb5 13. a4 Qb7 14. dxc5 dxc5 15. Nfe5
Rfd8 16. Qc1 Qc7 17. h3 Rab8 18. Qe3 Nd4 19. Bxd4 cxd4 20. Qd3 Bf5 21. e4 dxe3
22. Qxe3 Nd5 23. Bxd5 Rxd5 24. f4 Bxh3 25. Rfd1 Qb7 26. Qf3 Rxd1+ 27. Rxd1 Qxf3
28. Nxf3 Rxb3 29. Rd8+ Bf8 30. Nce5 f6 31. Nd4 Rb7 32. Nec6 Kf7 33. Kh2 Bd7 34.
Na5 Rb2+ 35. Kg1 Bxa4 36. Ra8 Rd2 37. Nac6 Bxc6 38. Nxc6 Rd7 39. Nd8+ Kg7 40.
Ne6+ Kf7 41. Nxf8 h5 42. Nxd7 {Black resigns} 1-0

[Event "Team 45 45 League T38"]
[Site "Internet Chess Club"]
[Date "2008.07.27"]
[Round "1"]
[White "NFK"]
[Black "BigH"]
[Result "0-1"]
[WhiteElo "1618"]
[BlackElo "1741"]
[Opening "Petrov: modern (Steinitz) attack"]
[ECO "C43"]
[Time "04:59:25"]
[TimeControl "2700+45"]

1. e4 e5 2. Nf3 Nf6 3. d4 exd4 4. Bd3 d5 5. e5 Ne4 6. Nxd4 Bc5 7. Bxe4 dxe4 8.
Be3 Na6 9. O-O O-O 10. c3 Qe7 11. Qh5 g6 12. Qg5 Re8 13. Qxe7 Bxe7 14. Nd2 Nc5
15. b4 Nd3 16. Nxe4 Nxe5 17. Nb5 Bd8 18. Nxc7 Bxc7 19. Nf6+ Kf8 20. Bh6+ Ke7 21.
Nd5+ Kd6 22. Rad1 Bf5 23. Nb6+ Ke6 24. Nxa8 Rxa8 25. Rfe1 Kf6 26. h4 Be6 27. f4
Ng4 28. Bg5+ Kf5 29. Rxe6 Kxe6 30. Re1+ Kd5 31. Re7 Bb6+ 32. Kh1 f6 {White
resigns} 0-1

[Event "Team 45 45 League T38"]
[Site "Internet Chess Club"]
[Date "2008.07.24"]
[Round "1"]
[White "XelNaga"]
[Black "f5"]
[Result "1-0"]
[WhiteElo "2237"]
[BlackElo "2214"]
[Opening "Dutch defense"]
[ECO "A90"]
[Time "13:03:59"]
[TimeControl "2700+45"]

1. d4 f5 2. c4 Nf6 3. g3 e6 4. Bg2 d5 5. Nc3 c6 6. Nf3 Bd6 7. O-O Nbd7 8. Bf4
Bxf4 9. gxf4 O-O 10. Qd3 Ne4 11. b3 h6 12. Rac1 g5 13. fxg5 hxg5 14. h3 Qf6 15.
Qe3 Nxc3 16. Rxc3 f4 17. Qd3 Qf5 18. Qxf5 Rxf5 19. e3 dxc4 20. Rxc4 Kg7 21. e4
Ra5 22. a4 Kf6 23. e5+ Kg6 24. Nd2 c5 25. Rfc1 Rb8 26. b4 Rxa4 27. bxc5 Rxc4 28.
Nxc4 Kf7 29. Nd6+ Ke7 30. Rb1 Kd8 31. Rb2 Kc7 32. Nb5+ Kd8 33. Nxa7 Nf8 34. Nc6+
{Black resigns} 1-0

[Event "Team 45 45 League T38"]
[Site "Internet Chess Club"]
[Date "2008.07.26"]
[Round "1"]
[White "gyoung"]
[Black "frothyjowels"]
[Result "1-0"]
[WhiteElo "2262"]
[BlackElo "2223"]
[Opening "French: Tarrasch, closed variation"]
[ECO "C05"]
[Time "12:00:05"]
[TimeControl "2700+45"]

1. e4 e6 2. d4 d5 3. Nd2 Nf6 4. e5 Nfd7 5. f4 c5 6. c3 Nc6 7. Ndf3 cxd4 8. cxd4
Bb4+ 9. Bd2 Qb6 10. Bxb4 Qxb4+ 11. Qd2 O-O 12. Bd3 f6 13. Ne2 fxe5 14. fxe5 Nb6
15. b3 a5 16. Rb1 Bd7 17. a4 Rac8 18. Rb2 Qxd2+ 19. Kxd2 Nb4 20. Rc1 Rxc1 21.
Nxc1 Rc8 22. Ne2 h6 23. h4 Be8 24. Nf4 Kf7 25. Rb1 Nd7 26. Rf1 Nxd3 27. Kxd3 Ke7
28. g4 Nb8 29. Kd2 Na6 30. g5 b5 31. axb5 Nb4 32. Ra1 Rc2+ 33. Ke3 Bxb5 34. Rxa5
Rc3+ 35. Kf2 Rxb3 36. Rxb5 Nd3+ 37. Nxd3 Rxb5 38. gxh6 gxh6 39. Nf4 Rb8 40. Ne1
Rb2+ 41. Ke3 Rb8 42. Ned3 Rb3 43. Ke2 Ra3 44. Nc5 Ra2+ 45. Kf3 h5 46. Nxh5 Ra3+
47. Kg4 {Black resigns} 1-0

[Event "Team 45 45 League T38"]
[Site "Internet Chess Club"]
[Date "2008.07.27"]
[Round "1"]
[White "cappelo-upgrate"]
[Black "palito"]
[Result "1-0"]
[WhiteElo "2217"]
[BlackElo "2124"]
[Opening "Nimzo-Indian: Fischer variation"]
[ECO "E43"]
[Time "07:00:54"]
[TimeControl "2700+45"]

1. d4 Nf6 2. c4 e6 3. Nc3 Bb4 4. e3 b6 5. Bd3 Bb7 6. f3 c5 7. Ne2 O-O 8. O-O
cxd4 9. exd4 d5 10. Bg5 Be7 11. Rc1 dxc4 12. Bxc4 Nbd7 13. Qd2 h6 14. Bf4 Rc8
15. Bb3 a6 16. Ng3 Re8 17. Nge4 Nxe4 18. Nxe4 Nf6 19. Rxc8 Bxc8 20. Rc1 Nxe4 21.
fxe4 Bb7 22. Qd3 e5 23. Bxe5 Bc5 24. Bxf7+ Kxf7 25. Rxc5 bxc5 26. Qb3+ Kg6 27.
Qxb7 Rxe5 28. Qxa6+ Kg5 29. dxe5 Qd4+ 30. Kf1 Qd1+ 31. Kf2 Qd4+ 32. Kf3 Qxe5 33.
g3 Qxb2 34. h4+ Kh5 35. Qe6 Qc3+ 36. Kg2 Qc1 37. Qf5+ g5 38. Qf7+ {Black
resigns} 1-0

[Event "Team 45 45 League T38"]
[Site "Internet Chess Club"]
[Date "2008.07.23"]
[Round "1"]
[White "chiiwen"]
[Black "PandorasBox"]
[Result "0-1"]
[WhiteElo "2008"]
[BlackElo "2053"]
[Opening "French: Tarrasch, closed variation"]
[ECO "C05"]
[Time "17:38:54"]
[TimeControl "2700+45"]

1. e4 e6 2. d4 d5 3. Nd2 Nf6 4. e5 Nfd7 5. f4 c5 6. c3 cxd4 7. cxd4 Nc6 8. Ndf3
Qb6 9. g3 Bb4+ 10. Kf2 O-O 11. Be3 Be7 12. Qd2 f6 13. Kg2 Rf7 14. Bd3 Nb4 15.
Bb1 a5 16. Ne2 a4 17. a3 Nc6 18. Qc2 g6 19. Bf2 Qa6 20. Nc3 Nb6 21. exf6 Bxf6
22. Ne5 Rc7 23. Qd2 Nc4 24. Nxc4 dxc4 25. Ne4 Bg7 26. d5 Na5 27. Bc2 Nb3 28.
Bxb3 cxb3 29. Rhc1 Rc2 30. Rxc2 bxc2 31. Qxc2 exd5 32. Ng5 h6 33. Nf3 Bf5 34.
Qd1 Be4 35. Rc1 Bxb2 36. Rc7 Qd6 37. Rxb7 Qxa3 {White resigns} 0-1

[Event "Team 45 45 League T38"]
[Site "Internet Chess Club"]
[Date "2008.07.26"]
[Round "1"]
[White "cocio"]
[Black "Capamuerte"]
[Result "0-1"]
[WhiteElo "2171"]
[BlackElo "2265"]
[Opening "French defense"]
[ECO "C01"]
[Time "19:08:41"]
[TimeControl "2700+45"]

1. e4 e6 2. d4 b6 3. Nf3 Bb7 4. Bd3 d6 5. O-O Nd7 6. c3 Ngf6 7. Re1 c5 8. Nbd2
Qc7 9. Nf1 c4 10. Bc2 Be7 11. Bf4 O-O 12. Qe2 e5 13. Bg3 b5 14. Rad1 h6 15. h3
Rad8 16. Bh2 Rfe8 17. Ng3 Bc8 18. Nf5 Bf8 19. Qd2 Bb7 20. d5 Nc5 21. g4 a5 22.
Kh1 Rb8 23. g5 hxg5 24. Qxg5 Nh7 25. Qg4 Bc8 26. Rg1 Bxf5 27. Qxf5 g6 28. Qg4 b4
29. h4 Nf6 30. Qg2 bxc3 31. bxc3 Rb2 32. Rd2 Rxa2 33. h5 Nxh5 34. Qg5 Bg7 35.
Nh4 Qe7 {White resigns} 0-1

[Event "Team 45 45 League T38"]
[Site "Internet Chess Club"]
[Date "2008.07.29"]
[Round "1"]
[White "ranaamasonika"]
[Black "syy89"]
[Result "1/2-1/2"]
[WhiteElo "2177"]
[BlackElo "2119"]
[Opening "Sicilian: Sveshnikov variation"]
[ECO "B33"]
[Time "18:00:34"]
[TimeControl "2700+45"]

1. e4 c5 2. Nf3 Nc6 3. d4 cxd4 4. Nxd4 Nf6 5. Nc3 e5 6. Ndb5 d6 7. Bg5 a6 8. Na3
b5 9. Bxf6 gxf6 10. Nd5 f5 11. c3 Bg7 12. g3 O-O 13. Bg2 fxe4 14. Bxe4 f5 15.
Bg2 e4 16. Nf4 Ne7 17. O-O d5 18. Nc2 Qd6 19. Nd4 Ng6 20. Nxg6 hxg6 21. f4 b4
22. Kh1 bxc3 23. bxc3 Bd7 24. Rb1 Rfc8 25. Qd2 Rc4 26. Rfc1 Rac8 27. Bf1 R4c7
28. Rb3 Ba4 29. Rb2 a5 30. Bb5 Qa3 31. Bxa4 Bxd4 32. Bb3 Kh7 33. Rbc2 Bg7 34.
Qxd5 Rxc3 35. Rxc3 Rxc3 36. Rxc3 Bxc3 37. Qd8 Qc1+ 38. Kg2 Qd2+ 39. Qxd2 Bxd2
{Game drawn by mutual agreement} 1/2-1/2

[Event "Team 45 45 League T38"]
[Site "Internet Chess Club"]
[Date "2008.07.26"]
[Round "1"]
[White "zenith"]
[Black "Guinness"]
[Result "0-1"]
[WhiteElo "2219"]
[BlackElo "2259"]
[Opening "Robatsch defense: two knights variation"]
[ECO "A40"]
[Time "09:24:39"]
[TimeControl "2700+45"]

1. d4 g6 2. e4 Bg7 3. Nf3 d6 4. Nc3 a6 5. a4 b6 6. Be3 Bb7 7. Bd3 e6 8. Qd2 Nd7
9. O-O h6 10. Rad1 Ne7 11. Rfe1 g5 12. h3 O-O 13. Ne2 c5 14. Ng3 Qc7 15. Nh5
cxd4 16. Bxg5 hxg5 17. Qxg5 Ng6 18. Nh4 Qd8 19. Qxd8 Rfxd8 20. Nxg6 fxg6 21. Nf4
Kf7 22. Bc4 Nf8 23. Rd3 Rac8 24. Bb3 Be5 25. Rf3 Ke7 26. Nd3 Nh7 27. h4 Nf6 28.
Nxe5 dxe5 29. Rg3 Bxe4 30. f3 Bxc2 31. Bxc2 Rxc2 32. Rxe5 d3 33. Rxg6 Kf7 34.
Reg5 d2 35. Rg7+ Kf8 36. h5 d1=Q+ 37. Kh2 Qxf3 38. h6 Rd4 {White resigns} 0-1

[Event "Team 45 45 League T38"]
[Site "Internet Chess Club"]
[Date "2008.07.26"]
[Round "1"]
[White "el-poeta"]
[Black "killer21"]
[Result "0-1"]
[WhiteElo "2003"]
[BlackElo "2277"]
[Opening "Queen's pawn game"]
[ECO "A45"]
[Time "09:55:48"]
[TimeControl "2700+45"]

1. d4 Nf6 2. e3 c5 3. Bd3 d5 4. c3 Nc6 5. f4 Bg4 6. Nf3 e6 7. Nbd2 Bd6 8. g3 O-O
9. O-O a6 10. Kg2 cxd4 11. exd4 Ne7 12. Qc2 Bf5 13. Ne5 b5 14. h3 b4 15. g4 Bxd3
16. Qxd3 bxc3 17. bxc3 Rc8 18. Rf3 Ne8 19. Qc2 f6 20. Nd3 Ng6 21. Rf2 Qc7 22.
Nb1 e5 23. fxe5 fxe5 24. Rxf8+ Bxf8 25. Qf2 Nf6 26. Nxe5 Ne4 27. Qf1 Nh4+ 28.
Kg1 Bd6 29. Bf4 Rf8 30. Qc1 Rxf4 31. Qxf4 Bxe5 32. dxe5 Qb6+ 33. Kf1 Qb2 34. Nd2
Nxd2+ 35. Ke2 Ne4+ 36. Kd3 Nc5+ {White resigns} 0-1

[Event "Team 45 45 League T38 u"]
[Site "Internet Chess Club"]
[Date "2008.07.26"]
[Round "1"]
[White "gezira"]
[Black "jonesey"]
[Result "0-1"]
[WhiteElo "2231"]
[BlackElo "1936"]
[Opening "Ruy Lopez: Marshall counter-attack"]
[ECO "C89"]
[Time "13:00:49"]
[TimeControl "2700+45"]

1. e4 e5 2. Nf3 Nc6 3. Bb5 a6 4. Ba4 Nf6 5. O-O Be7 6. Re1 b5 7. Bb3 O-O 8. c3
d5 9. exd5 Nxd5 10. h3 Bb7 11. Nxe5 Nxe5 12. Rxe5 Nf4 13. d4 Nxg2 14. Qg4 Nh4
15. Nd2 a5 16. Rxb5 Ra6 17. Bc2 f5 18. Qg3 Rg6 19. Rxb7 f4 20. Qxg6 hxg6 21. Be4
Qc8 22. Kh2 f3 23. Nc4 Qe6 24. Ne5 Bd6 25. Rb5 c5 26. Bd2 Bxe5+ 27. dxe5 Qxe5+
28. Kg1 Qxe4 29. Rxc5 Qe6 30. Rg5 Qxh3 31. Rg3 Qd7 32. Bg5 Ng2 33. b3 Nf4 34.
Re1 Ne2+ 35. Kh2 Nxg3 36. Kxg3 Qc7+ 37. Kh3 Qxc3 38. Rc1 Qb2 39. Be3 Re8 40. Kg3
Rxe3 {White resigns} 0-1

[Event "Team 45 45 League T38"]
[Site "Internet Chess Club"]
[Date "2008.07.27"]
[Round "1"]
[White "pestka"]
[Black "CMerli"]
[Result "0-1"]
[WhiteElo "2214"]
[BlackElo "2345"]
[Opening "Trompowsky attack (Ruth, Opocenský opening)"]
[ECO "A45"]
[Time "11:08:29"]
[TimeControl "2700+45"]

1. d4 Nf6 2. Bg5 Ne4 3. Bf4 c5 4. f3 Qa5+ 5. c3 Nf6 6. d5 Qb6 7. Bc1 g6 8. e4 d6
9. Nd2 Bg7 10. Nc4 Qc7 11. a4 O-O 12. Bd3 e6 13. Bf4 Rd8 14. dxe6 Bxe6 15. Ne2
Qe7 16. Qc2 d5 17. exd5 Nxd5 18. O-O-O Nc6 19. Rhe1 a6 20. a5 Nxf4 21. Nxf4 Bh6
22. g3 Qc7 23. Kb1 Bxf4 24. gxf4 Qxf4 25. Nb6 Rab8 26. Rxe6 fxe6 27. Rg1 Ne5
{White resigns} 0-1

[Event "Team 45 45 League T38"]
[Site "Internet Chess Club"]
[Date "2008.07.27"]
[Round "1"]
[White "Superjem"]
[Black "Monsoon-Smith"]
[Result "1-0"]
[WhiteElo "2275"]
[BlackElo "2103"]
[Opening "English: Bremen, reverse dragon"]
[ECO "A22"]
[Time "09:21:04"]
[TimeControl "2700+45"]

1. c4 e5 2. Nc3 Nf6 3. g3 d5 4. cxd5 Nxd5 5. Bg2 Nb6 6. d3 Nc6 7. Nf3 Be7 8. O-O
O-O 9. Be3 Be6 10. a3 a5 11. Rc1 Nd5 12. Nxd5 Bxd5 13. Bc5 Re8 14. Bxe7 Qxe7 15.
Qa4 Rad8 16. Qb5 f5 17. Nh4 Bxg2 18. Kxg2 Nd4 19. Qxb7 Nxe2 20. Rxc7 Qg5 21. Nf3
Qg6 22. Rc6 Qh5 23. Rc7 Qg6 24. Nh4 Qg5 25. Kh1 Rxd3 26. Qb5 Qd8 27. Nxf5 Qa8+
28. Qb7 Qxb7+ 29. Rxb7 g6 30. Nh6+ Kh8 31. Ng4 Rd6 32. Re1 h5 33. Nh6 Rd2 34.
Nf7+ Kg8 35. Ng5 Nd4 36. Ne4 {Black resigns} 1-0

[Event "Team 45 45 League T38"]
[Site "Internet Chess Club"]
[Date "2008.07.27"]
[Round "1"]
[White "Kolibri"]
[Black "Sleete"]
[Result "0-1"]
[WhiteElo "2116"]
[BlackElo "2115"]
[Opening "Petrov: Nimzovich attack"]
[ECO "C42"]
[Time "16:01:02"]
[TimeControl "2700+45"]

1. e4 e5 2. Nf3 Nf6 3. Nxe5 d6 4. Nf3 Nxe4 5. Nc3 Nxc3 6. dxc3 Be7 7. Bd3 O-O 8.
O-O Nd7 9. Bf4 Nc5 10. Be2 Re8 11. Nd4 d5 12. Bf3 Bd6 13. Bxd6 Qxd6 14. Qd2 Ne4
15. Qd3 Bd7 16. Rad1 Qb6 17. Nb3 Bb5 18. Qxd5 Bxf1 19. Bxe4 Be2 20. Rd4 c6 21.
Qf5 g6 22. Qf4 Rad8 23. h4 Rxd4 24. Nxd4 Qd8 25. g3 Bc4 26. Nf3 Bxa2 27. b3 f5
28. Bd3 Bxb3 29. Bxf5 Qd1+ 30. Kh2 Bd5 31. Ng1 Qxg1+ {White resigns} 0-1

[Event "Team 45 45 League T38"]
[Site "Internet Chess Club"]
[Date "2008.07.26"]
[Round "1"]
[White "FiendAngelical"]
[Black "Holzschlange"]
[Result "1/2-1/2"]
[WhiteElo "2009"]
[BlackElo "1918"]
[Opening "Ruy Lopez: closed, Keres (...Nd7) defense"]
[ECO "C96"]
[Time "17:00:32"]
[TimeControl "2700+45"]

1. e4 e5 2. Nf3 Nc6 3. Bb5 a6 4. Ba4 Nf6 5. O-O Be7 6. Re1 b5 7. Bb3 d6 8. h3
O-O 9. c3 Na5 10. Bc2 c5 11. d4 Nd7 12. Nbd2 Nc6 13. d5 Ncb8 14. a4 Nb6 15. a5
N6d7 16. Nf1 Bf6 17. Ng3 g6 18. Bh6 Re8 19. Nh2 c4 20. Ng4 Bh8 21. f4 exf4 22.
Bxf4 Nc5 23. Nh6+ Kf8 24. Nh5 Ra7 25. Qf3 Be5 26. Rf1 Nd3 27. Bxd3 cxd3 28. Bxe5
f5 29. exf5 gxh5 30. Qg3 dxe5 31. Qg8+ Ke7 32. Qf7+ Kd6 33. Qxa7 Qc7 34. Qxc7+
Kxc7 35. f6 Kd6 36. Rad1 e4 37. f7 Rf8 38. Kf2 Kxd5 39. Ke3 Bb7 40. Rf5+ Kc4 41.
Rg5 Nd7 42. Rg8 Kb3 43. Rxf8 Nxf8 44. Rd2 Bd5 45. Rf2 Ka4 46. b4 Kb3 47. Rf5 Be6
48. Rc5 Kc2 49. Nf5 Bxf7 50. Nd4+ Kc1 51. Rf5 d2 52. Rf1+ d1=Q 53. Ne2+ Kc2 54.
Nd4+ Kc1 55. Ne2+ Kc2 56. Nd4+ Kc1 {Game drawn by repetition} 1/2-1/2

[Event "Team 45 45 League T38"]
[Site "Internet Chess Club"]
[Date "2008.07.28"]
[Round "1"]
[White "Checkmates"]
[Black "manest"]
[Result "1-0"]
[WhiteElo "2512"]
[BlackElo "2385"]
[Opening "Sicilian: accelerated fianchetto, Maróczy bind, 6.Be3"]
[ECO "B38"]
[Time "13:04:22"]
[TimeControl "2700+45"]

1. e4 c5 2. Nf3 g6 3. d4 cxd4 4. Nxd4 Bg7 5. c4 Nc6 6. Be3 Nf6 7. Nc3 O-O 8. Be2
d6 9. O-O Bd7 10. Qd2 Nxd4 11. Bxd4 Bc6 12. f3 Nd7 13. Bf2 a5 14. b3 Nc5 15.
Rab1 f5 16. exf5 gxf5 17. a3 Kh8 18. b4 Ne6 19. b5 Bd7 20. Na4 Rg8 21. Nb6 Rb8
22. Nxd7 Qxd7 23. c5 Be5 24. Bc4 Rg6 25. c6 bxc6 26. bxc6 Rbg8 27. f4 Qxc6 28.
Bd5 Bxf4 29. Qb2+ Be5 30. Bxc6 Bxb2 31. Rxb2 Nf4 32. Bd4+ e5 33. Rxf4 Rc8 34.
Bf3 {Black resigns} 1-0

[Event "Team 45 45 League T38"]
[Site "Internet Chess Club"]
[Date "2008.07.25"]
[Round "1"]
[White "therealwizard"]
[Black "SiNsUaT12"]
[Result "1-0"]
[WhiteElo "2200"]
[BlackElo "2283"]
[Opening "Queen's Indian: Petrosian system"]
[ECO "E12"]
[Time "08:30:10"]
[TimeControl "2700+45"]

1. d4 Nf6 2. Nf3 e6 3. c4 b6 4. a3 Bb7 5. Nc3 Be7 6. d5 exd5 7. cxd5 O-O 8. e4
d6 9. Be2 c6 10. O-O a6 11. Re1 b5 12. Nd4 cxd5 13. exd5 Nxd5 14. Nxd5 Bxd5 15.
Nf5 Be4 16. Nxe7+ Qxe7 17. Bd3 d5 18. f3 Qc5+ 19. Be3 d4 20. Rc1 Qb6 21. Bxe4
dxe3 22. Qd3 Ra7 23. Bxh7+ Kh8 24. Be4 Re7 25. Qd5 Qh6 26. Qc5 Ree8 27. Rcd1 g6
28. Rxe3 f5 29. Qc3+ Qg7 30. Bb1 Rxe3 31. Qxe3 Nd7 32. Rxd7 Qxd7 33. Qh6+ Kg8
34. Ba2+ {Black resigns} 1-0

[Event "Team 45 45 League T38"]
[Site "Internet Chess Club"]
[Date "2008.07.29"]
[Round "1"]
[White "Fezzik"]
[Black "Alphalegacy"]
[Result "1-0"]
[WhiteElo "2006"]
[BlackElo "2107"]
[Opening "King's Indian: orthodox, Aronin-Taimanov, 9.Ne1"]
[ECO "E98"]
[Time "21:03:08"]
[TimeControl "2700+45"]

1. d4 Nf6 2. c4 g6 3. Nc3 Bg7 4. e4 d6 5. Be2 O-O 6. Nf3 e5 7. O-O Nc6 8. d5 Ne7
9. Ne1 Nd7 10. Be3 f5 11. f3 f4 12. Bf2 g5 13. Nb5 Nf6 14. Nxa7 Rxa7 15. Bxa7
Ng6 16. c5 h5 17. cxd6 cxd6 18. Qb3 g4 19. Qb6 Qe7 20. Bb8 Nd7 21. Qxd6 Qh4 22.
Rc1 g3 23. h3 Nc5 24. Rxc5 Bxh3 25. gxh3 Rf6 26. Qd8+ Bf8 27. Kg2 Qg5 28. Rc8
Kh7 {Black resigns} 1-0

[Event "Team 45 45 League T38"]
[Site "Internet Chess Club"]
[Date "2008.07.24"]
[Round "1"]
[White "matein7"]
[Black "JCMDonet"]
[Result "0-1"]
[WhiteElo "1894"]
[BlackElo "1884"]
[Opening "QGD: Tartakower (Makagonov-Bondarevsky) system"]
[ECO "D58"]
[Time "23:16:59"]
[TimeControl "2700+45"]

1. d4 Nf6 2. c4 e6 3. Nf3 d5 4. Nc3 Be7 5. Bg5 h6 6. Bh4 O-O 7. e3 b6 8. Rc1 Bb7
9. cxd5 exd5 10. Bd3 Nbd7 11. O-O c5 12. Bb1 Re8 13. Qc2 Rc8 14. Rfd1 Ne4 15.
Bg3 Ndf6 16. Be5 Bd6 17. Bxd6 Qxd6 18. Ne5 cxd4 19. exd4 Nxc3 20. bxc3 Ne4 21.
Qd3 Rc7 22. f3 Nf6 23. Ng4 Kf8 24. Ne5 Rec8 25. Re1 Qa3 26. c4 Qxd3 27. Bxd3 g6
28. Kf2 Nd7 29. Nxd7+ Rxd7 30. cxd5 Rxc1 31. Rxc1 Bxd5 32. Bc4 Rc7 33. Bxd5 Rxc1
34. Bb3 b5 35. f4 a5 36. Ke3 a4 37. Bd5 b4 38. Kd2 Rf1 39. Ke3 Ke7 40. g4 b3 41.
axb3 a3 42. b4 Ra1 43. Kd3 a2 {White resigns} 0-1